 Dungeon Crawl Stone Soup version 0.16.2-2-g470672f (webtiles) character file.

165 FruitAndGarbage the Magician (level 5, -9/28 HPs)
             Began as a Deep Elf Air Elementalist on Aug 25, 2015.
             Killed by divine providence
             ... invoked by an orc priest
              (11 damage)
             ... on level 3 of the Dungeon on Aug 26, 2015.
             The game lasted 00:09:05 (2646 turns).

FruitAndGarbage the Magician (DEAE)                 Turns: 2646, Time: 00:09:06

Health: -9/28      AC:  2    Str:  5    XL:     5   Next: 22%
Magic:  10/18      EV: 13    Int: 21    God:
Gold:   128        SH:  0    Dex: 15    Spells: 4 memorised, 4 levels left

rFire  . . .     SeeInvis .     e - +0 dagger
rCold  . . .     Clarity  .     a - +0 robe
rNeg   . . .     SustAb   .     (no shield)
rPois  .         Gourm    .     (no helmet)
rElec  .         Spirit   .     (no cloak)
rCorr  .         Warding  .     (no gloves)
rMut   .         Stasis   .     (no boots)
MR     .....                    (no amulet)
Stlth  ++........               (no ring)
                                (no ring)

@: very slightly contaminated, repel missiles, not resistant to hostile
enchantments, unstealthy
A: no striking features
a: no special abilities


You were on level 3 of the Dungeon.
You were hungry.

You visited 1 branch of the dungeon, and saw 3 of its levels.

You collected 128 gold pieces.

Inventory:

Hand weapons
 e - a +0 dagger (weapon)
Armour
 a - a +0 robe (worn)
Scrolls
 d - 2 scrolls of identify {unknown}
 f - a scroll of recharging {unknown}
 g - a scroll of noise {unknown}
 h - 3 scrolls of remove curse {unknown}
 j - a scroll of blinking {unknown}
 l - a scroll of amnesia {unknown}
 p - a scroll of teleportation {unknown}
 q - a scroll of magic mapping {unknown}
 r - a scroll of enchant weapon {unknown}
Potions
 k - a potion of heal wounds
 n - 2 potions of agility
Books
 b - a book of Air

   Spells                             Type                      Level
   a - Shock                          Conjuration/Air              1
   b - Swiftness                      Charms/Air                   2
   c - Repel Missiles                 Charms/Air                   2
   d - Flight                         Charms/Air                   3
   e - Static Discharge               Conjuration/Air              3
   f - Lightning Bolt                 Conjuration/Air              5
Comestibles
 c - 2 bread rations
 i - a meat ration
 m - 11 fruits


   Skills:
 * Level 0.8 Fighting
 + Level 0.2 Short Blades
 * Level 1.2 Armour
 * Level 2.8 Dodging
 + Level 2.6 Stealth
 + Level 4.0 Spellcasting
 + Level 3.1 Conjurations
 * Level 2.2 Charms
 + Level 3.4 Air Magic


You had 4 spell levels left.
You knew the following spells:

 Your Spells              Type           Power        Failure   Level  Hunger
a - Shock                 Conj/Air       ###.         3%          1    None
b - Repel Missiles        Chrm/Air       ###...       8%          2    #......
c - Swiftness             Chrm/Air       ###.....     8%          2    #......
d - Static Discharge      Conj/Air       ###.....     12%         3    ###....


Dungeon Overview and Level Annotations

Branches:
Dungeon (3/15)

Altars:
Cheibriados


Message History

Aim: an orc priest, wielding a club and wearing a leather armour (severely wounded)
The zap hits the orc.
The orc is moderately wounded.
The zap hits the orc priest.
The orc priest is almost dead.
The orc barely misses you. The orc completely misses you.
The orc priest calls upon Beogh to heal the orc.
The orc's wounds heal themselves!
Casting: Shock
Confirm with . or Enter, or press ? or * to list all spells.
Aiming: Shock
Press: ? - help, Shift-Dir - straight line, f/p - orc priest
Aim: an orc priest, wielding a club and wearing a leather armour (almost dead)
You miscast Shock.
You are very lightly contaminated with residual magic.
You feel electric! The orc hits you. The orc hits you with a mace!
* * * LOW HITPOINT WARNING * * *
The orc priest invokes the aid of Beogh against you.
Something smites you!
You die...

#............'......
##..#.########....##
#..#.# #....##
###....# #......
#....#### #......
#.#<....# #......
#....##.# #......
###.###'#######......
#.@o......##...)...
###o......##.......
.o..... #.......
....... ######..
....... #......
...!.) #...... .....
#...... .... #......
. #......


You could see an orc priest and 2 orcs.

Vanquished Creatures
  The ghost of Karasu the Ruffian, an average VSMo (D:3)
  Jessica (D:2)
  An adder (D:3)
  2 worms (D:2)
  A giant gecko (D:2)
  An ooze (D:2)
  3 orcs (D:3)
  7 bats
  A bat skeleton (D:3)
  9 hobgoblins
  A quokka (D:2)
  A ball python (D:1)
  3 giant newts
  9 goblins
  9 kobolds
  6 rats
56 creatures vanquished.

Notes
Turn   | Place    | Note
--------------------------------------------------------------
     0 | D:1      | FruitAndGarbage, the Deep Elf Air Elementalist, began the quest for the Orb.
     0 | D:1      | Reached XP level 1. HP: 10/10 MP: 5/5
   389 | D:1      | Reached XP level 2. HP: 15/15 MP: 6/8
   393 | D:1      | Learned a level 2 spell: Repel Missiles
   396 | D:1      | Learned a level 2 spell: Swiftness
  1008 | D:2      | Found a snail-covered altar of Cheibriados.
  1088 | D:2      | Reached XP level 3. HP: 15/20 MP: 5/11
  1093 | D:2      | Learned a level 3 spell: Static Discharge
  1206 | D:2      | Found a snail-covered altar of Cheibriados.
  1225 | D:2      | Noticed Jessica
  1228 | D:2      | Killed Jessica
  1258 | D:2      | Reached skill level 1 in Charms
  1885 | D:2      | Reached XP level 4. HP: 24/24 MP: 5/14
  2444 | D:3      | Noticed Karasu's ghost (average VSMo)
  2466 | D:3      | Killed Karasu's ghost
  2466 | D:3      | Reached skill level 1 in Armour
  2466 | D:3      | Reached skill level 4 in Spellcasting
  2466 | D:3      | Reached XP level 5. HP: 11/28 MP: 1/18
  2646 | D:3      | Killed from afar by an orc priest

Action                   |  1- 3 |  4- 6 || total
-------------------------+-------+-------++-------
Melee: Dagger            |     7 |       ||     7
 Cast: Shock             |    83 |    44 ||   127
       Repel Missiles    |     1 |     1 ||     2
       Static Discharge  |       |     3 ||     3
  Use: Potion            |     6 |     1 ||     7
 Stab: Sleeping          |     1 |       ||     1
  Eat: Chunk             |     2 |     3 ||     5
